 Dungeon Crawl Stone Soup version 0.17-a0-119-g2b06fc5 (webtiles) character file.

8752 Ngotmuk the Basher (level 11, -1/74 (78) HPs)
             Began as a Human Fighter on Mar 21, 2015.
             Was a High Priest of Cheibriados.
             Slain by a giant frog zombie (4 damage)
             ... on level 11 of the Dungeon.
             The game lasted 00:32:13 (8591 turns).

Ngotmuk the Basher (Human Fighter)                  Turns: 8591, Time: 00:32:13

HP:   -1/74 (78)    AC: 15    Str: 37    XL:     11   Next: 61%
MP:   26/26         EV: 10    Int: 20    God:    Cheibriados [*****.]
Gold: 408           SH: 14    Dex: 25    Spells: 0 memorised, 10 levels left

rFire  . . .     SeeInvis +     p - +2 flail (holy)
rCold  + . .     Clarity  .     f - +0 chain mail
rNeg   . . .     SustAb   .     c - +1 shield
rPois  .         Gourm    .     (no helmet)
rElec  .         Spirit   .     (no cloak)
rCorr  .         Warding  .     (no gloves)
rMut   .         Stasis   .     (no boots)
MR     .....                    (no amulet)
Stlth  ..........               b - ring of see invisible
                                z - ring of protection from cold

@: mighty, very slow, not resistant to hostile enchantments, extremely
unstealthy
A: talons 1, iridescent scales 1, yellow scales 1, high mp 1, sense surroundings
1, screaming 1, slow healing 1
a: Bend Time, Temporal Distortion, Slouch, Step From Time, Renounce Religion


You were on level 11 of the Dungeon.
You worshipped Cheibriados.
Cheibriados was extremely pleased with you.
You were not hungry.

You visited 2 branches of the dungeon, and saw 12 of its levels.

You collected 408 gold pieces.

Inventory:

Hand weapons
 p - a +2 flail of holy wrath (weapon)
Armour
 c - a +1 shield (worn)
 f - a +0 chain mail (worn)
Jewellery
 b - a ring of see invisible (right hand)
 l - an uncursed ring of protection from fire
 z - a ring of protection from cold (left hand)
Scrolls
 g - a scroll of remove curse
 h - 3 scrolls of teleportation
 i - 2 scrolls of recharging
 m - 2 scrolls of enchant armour
 n - 3 scrolls of fear
 o - 3 scrolls of identify
 y - a scroll of acquirement {unknown}
Potions
 a - 3 potions of magic
 e - a potion of might
 k - 3 potions of curing
 q - a potion of agility
 r - a potion of restore abilities {unknown}
 s - 3 potions of heal wounds {unknown}
 t - 2 potions of haste {unknown}
 u - a potion of cancellation {unknown}
 v - 2 potions of brilliance {unknown}
Books
 B - a book of Changes

   Spells                             Type                      Level
   a - Beastly Appendage              Transmutation                1
   b - Sticks to Snakes               Transmutation                2
   c - Spider Form                    Transmutation/Poison         3
   d - Ice Form                       Ice/Transmutation            4
   e - Blade Hands                    Transmutation                5
Comestibles
 d - 6 bread rations
 j - 11 royal jellies
 w - 2 meat rations
 x - 4 fruits


   Skills:
 + Level 4.8 Fighting
 + Level 13.0 Maces & Flails
 + Level 4.9 Armour
 + Level 3.7 Dodging
 + Level 4.7 Shields
 - Level 9.0 Invocations


You had 10 spell levels left.
You didn't know any spells.

Dungeon Overview and Level Annotations

Branches:
Dungeon (11/15)            Temple (1/1) D:5            Lair (0/8) D:8
    Orc: D:9-12

Altars:
Ashenzari
Cheibriados
Dithmenos
Elyvilon
Fedhas
Gozag
Kikubaaqudgha
Makhleb
Nemelex Xobeh
Okawaru
Qazlal
Ru
Sif Muna
Trog
Vehumet
Xom
Yredelemnul
Zin
The Shining One
Jiyva

Shops:
D:5 }

Annotations:
D:8 exclusion: oklob plant


Innate Abilities, Weirdness & Mutations

You have sharp toenails.
You are partially covered in iridescent scales (AC +4).
You are partially covered in yellow scales (AC +2).
You have an increased reservoir of magic (+10% MP).
You passively map a small area around you.
You occasionally shout uncontrollably at your foes.
You heal slowly when monsters are visible.


Message History

An orc and a zombie come into view.
The killer bee zombie hits you but does no damage.
A giant frog comes into view.
The killer bee zombie closely misses you.
The killer bee zombie hits you but does no damage. x2
The killer bee zombie closely misses you.
The killer bee zombie barely misses you.
The giant frog gives a loud, deep croak!
You block the killer bee zombie's attack. x2
There is a stone staircase leading down here.
You block the killer bee zombie's attack. x2
You climb downwards.
A worker ant, a hill giant and a zombie come into view.
The hill giant shouts!
The worker ant twitches its antennae in your direction.
Found a scroll of remove curse and a runed helmet.
Found a stone staircase leading down and a stone staircase leading up.
There is a stone staircase leading up here.
The giant frog zombie hits you.
You die...

, ... * ,
......# , ,
#.....# , *
#.....# *
#.....#*
#.....# #
#>...#* * * *
#.##.Z..# ,
..##....@####
,, ,
,#.......<...#*
*
#....#..C.?..#
, ............#
, ...a........#
,
.[............
, ....#########
* ..< ,..


You could see a hill giant, a worker ant and a giant frog zombie.

Vanquished Creatures
  An orc warlord (D:10)
  A hydra (D:10)
  A tengu warrior (D:10)
  Erolcha (D:8)
  Pikel (D:8)
  A troll (D:9)
  2 hippogriffs (D:9)
  A hungry ghost (D:9)
  Edmund (D:6)
  Menkaure (D:5)
  4 orc warriors
  2 wargs (D:8)
  A water moccasin (D:9)
  3 sky beasts
  2 ice beasts
  2 black bears
  3 necrophages
  2 phantoms
  2 centaurs
  A big kobold (D:9)
  3 giant frogs
  3 scorpions
  5 killer bees (D:8)
  8 wights
  A crimson imp (D:5)
  3 hounds
  5 jellies
  10 orc priests
  A centaur skeleton (D:4)
  An iguana (D:4)
  12 orc wizards
  2 killer bee zombies
  6 worker ants
  A hound skeleton (D:4)
  A worker ant zombie (D:9)
  8 gnolls
  12 adders
  3 shadow imps
  2 worms (D:4)
  An adder zombie (D:7)
  7 oozes
  46 orcs
  3 ball pythons
  14 bats
  A bat skeleton (D:7)
  A bat zombie (D:8)
  9 giant cockroaches
  16 goblins
  22 hobgoblins
  7 jackals
  19 kobolds
  A quokka (D:10)
  A giant cockroach zombie (D:5)
  9 giant geckos
  3 giant newts
  2 jackal skeletons
  22 rats
304 creatures vanquished.

Vanquished Creatures (others)
  A slave (D:8)
  A bat (D:8)
  13 toadstools (D:8)
15 creatures vanquished.

Grand Total: 319 creatures vanquished

Notes
Turn   | Place    | Note
--------------------------------------------------------------
     0 | D:1      | Ngotmuk, the Human Fighter, began the quest for the Orb.
     0 | D:1      | Reached XP level 1. HP: 18/18 MP: 1/1
   121 | D:1      | Reached XP level 2. HP: 21/24 MP: 2/2
   384 | D:1      | Reached XP level 3. HP: 18/29 MP: 3/3
   839 | D:2      | Found a shattered altar of Ashenzari.
   864 | D:2      | Reached XP level 4. HP: 25/35 MP: 4/4
   900 | D:2      | Reached skill level 4 in Maces & Flails
  1138 | D:2      | Found a glowing golden altar of the Shining One.
  1283 | D:3      | Reached XP level 5. HP: 19/41 MP: 5/5
  1356 | D:3      | Reached skill level 5 in Maces & Flails
  1921 | D:3      | Reached XP level 6. HP: 26/47 MP: 6/6
  1931 | D:3      | Gained mutation: You are partially covered in yellow scales (AC +2). [potion of mutation]
  1931 | D:3      | Gained mutation: You have sharp toenails. [potion of mutation]
  1931 | D:3      | Gained mutation: You heal slowly when monsters are visible. [potion of mutation]
  1986 | D:3      | Reached skill level 6 in Maces & Flails
  2712 | D:4      | Reached skill level 7 in Maces & Flails
  2712 | D:4      | Reached XP level 7. HP: 34/52 MP: 7/7
  3442 | D:4      | Got an opalescent robe
  3455 | D:4      | Identified the +2 robe of Protective Custody {rC+++ Int-4 Slay-3 SInv} (You found it on level 4 of the Dungeon)
  3476 | D:4      | Reached skill level 8 in Maces & Flails
  3514 | D:4      | Found a sacrificial altar of Ru.
  3911 | D:5      | Entered Level 5 of the Dungeon
  3913 | D:5      | You fall through a shaft!
  3968 | D:6      | Noticed Edmund
  3972 | D:6      | Killed Edmund
  3972 | D:6      | Reached XP level 8. HP: 58/58 MP: 8/8
  4039 | D:5      | Reached skill level 9 in Maces & Flails
  4080 | D:5      | Found Umpurchu's Gadget Boutique.
  4201 | D:5      | Found an opulent altar of Gozag.
  4282 | D:5      | Found a deep blue altar of Sif Muna.
  4350 | D:5      | Gained mutation: You passively map a small area around you. [potion of mutation]
  4350 | D:5      | Gained mutation: You are partially covered in iridescent scales (AC +4). [potion of mutation]
  4351 | D:5      | Gained mutation: Your body is slowly deteriorating. [potion of mutation]
  4351 | D:5      | Lost mutation: Your body is slowly deteriorating. [potion of mutation]
  4562 | D:5      | Noticed Menkaure
  4570 | D:5      | Killed Menkaure
  4570 | D:5      | Reached skill level 10 in Maces & Flails
  4832 | D:5      | Found a glowing silver altar of Zin.
  4835 | D:5      | Found a shadowy altar of Dithmenos.
  4836 | D:5      | Found a sparkling altar of Nemelex Xobeh.
  5009 | D:5      | Found a staircase to the Ecumenical Temple.
  5015 | Temple   | Entered the Ecumenical Temple
  5025 | Temple   | Became a worshipper of Cheibriados the Contemplative
  5222 | D:6      | Reached skill level 1 in Invocations
  5222 | D:6      | Reached XP level 9. HP: 57/63 MP: 9/11
  5727 | D:6      | Acquired Cheibriados' first power
  5755 | D:7      | Lost mutation: You heal slowly when monsters are visible. [mutagenic meat]
  5756 | D:7      | Gained mutation: You occasionally shout uncontrollably at your foes. [mutagenic meat]
  5831 | D:7      | Found an iron altar of Okawaru.
  5970 | D:7      | Found a shimmering altar of Xom.
  6449 | D:8      | Reached skill level 11 in Maces & Flails
  6465 | D:8      | Reached skill level 5 in Invocations
  6598 | D:8      | Found a blossoming altar of Fedhas.
  6613 | D:8      | Noticed an oklob plant
  6851 | D:8      | Noticed Pikel
  6860 | D:8      | Acquired Cheibriados' second power
  6860 | D:8      | Reached XP level 10. HP: 35/70 MP: 20/20
  7384 | D:8      | Killed Pikel
  7384 | D:8      | Reached skill level 12 in Maces & Flails
  7468 | D:8      | Found a staircase to the Lair.
  7547 | D:8      | Noticed Erolcha
  7553 | D:8      | Killed Erolcha
  7780 | D:9      | Gained mutation: You have an increased reservoir of magic (+10% MP). [mutagenic meat]
  7781 | D:9      | Gained mutation: You heal slowly when monsters are visible. [mutagenic meat]
  7819 | D:9      | Found a stormy altar of Qazlal.
  7876 | D:9      | Got a jewelled quarterstaff
  7924 | D:9      | Acquired Cheibriados' third power
  8072 | D:9      | Found an ancient bone altar of Kikubaaqudgha.
  8172 | D:9      | Reached skill level 1 in Dodging
  8243 | D:9      | Reached XP level 11. HP: 75/75 MP: 26/26
  8368 | D:9      | Acquired Cheibriados' fourth power
  8376 | D:9      | Found a viscous altar of Jiyva.
  8415 | D:10     | Entered Level 10 of the Dungeon
  8560 | D:10     | Noticed an orc warlord
  8560 | D:10     | Noticed an orc warlord
  8560 | D:10     | Noticed a six-headed hydra
  8560 | D:10     | Noticed a tengu warrior
  8571 | D:10     | Killed a six-headed hydra
  8576 | D:10     | Killed a tengu warrior
  8579 | D:10     | HP: 1/74 [orc warlord/war axe (28)]
  8581 | D:10     | Killed an orc warlord
  8581 | D:10     | Reached skill level 13 in Maces & Flails
  8584 | D:10     | Noticed a hill giant
  8590 | D:11     | Noticed a hill giant
  8591 | D:11     | Slain by a giant frog zombie

Action                   |  1- 3 |  4- 6 |  7- 9 | 10-12 || total
-------------------------+-------+-------+-------+-------++-------
Melee: Flail             |   112 |   116 |   281 |   163 ||   672
       Morningstar       |       |    99 |    90 |       ||   189
       Mace              |       |       |       |    44 ||    44
  Use: Potion            |       |     1 |     3 |     3 ||     7
       Scroll            |       |       |    14 |     6 ||    20
  Eat: Meat ration       |       |     1 |       |     1 ||     2
       Beef jerky        |       |     1 |     1 |       ||     2
       Fruit             |       |       |     8 |       ||     8
       Pizza             |       |       |     2 |       ||     2
       Chunk             |       |       |     2 |     2 ||     4
       Royal jelly       |       |       |     1 |       ||     1
